[Event "Titled Tuesday Blitz July 11 Late 2023"]
[White "Kirillov, Dmitry"]
[Black "Toktomushev, Teimur"]
[WhiteFideId "34180572"]
[BlackFideId "14176726"]
[WhiteElo "2530"]
[BlackElo "2394"]
[Result "1/2-1/2"]
[Round "10"]
[TimeControl "180+2"]
[Date "2023.07.11"]
[WhiteClock "0:00:07"]
[BlackClock "0:00:02"]
[Board "72"]

1. d4 d5 2. e4 dxe4 3. f3 Nf6 4. Nc3 exf3 5. Nxf3 g6 6. Bc4 Bg7 7. O-O O-O 8. Bg5 Bg4 9. Qd2 Nbd7 10. h3 Bxf3 11. Rxf3 c5 12. Re1 cxd4 13. Qxd4 Rc8 14. Bb3 h6 15. Bc1 e6 16. Ref1 Nd5 17. Qxa7 Nxc3 18. bxc3 Nc5 19. Kh1 Qc7 20. Ba3 b6 21. Qxc7 Rxc7 22. Bc4 Kh7 23. Bb5 f5 24. c4 e5 25. Rd1 e4 26. Rff1 Ra8 27. Bxc5 Rxc5 28. a4 Re5 29. Rd7 Rae8 30. g4 fxg4 31. Rff7 e3 32. Rxg7+ Kh8 33. Rh7+ Kg8 34. Rdg7+ Kf8 35. Rf7+ Kg8 36. Rfg7+ Kf8 37. Ra7 Kg8 38. Rhg7+ Kh8 39. Rh7+ Kg8 40. Rag7+ 1/2-1/2


[Site "https://www.chess.com"]

[Event "Titled Tuesday Blitz July 11 Late 2023"]
[White "Cooklev, Steven"]
[Black "only_strong_moves"]
[WhiteFideId "2050552"]
[WhiteElo "2393"]
[BlackElo "2530"]
[Result "0-1"]
[Round "10"]
[TimeControl "180+2"]
[Date "2023.07.11"]
[WhiteClock "0:00:00"]
[BlackClock "0:00:06"]
[Board "73"]

1. e4 e5 2. Bc4 Nc6 3. Nc3 Nf6 4. d3 h6 5. f4 d6 6. Nf3 Bg4 7. O-O Nd4 8. fxe5 Bxf3 9. gxf3 dxe5 10. f4 Bd6 11. f5 c6 12. a4 Qe7 13. Kh1 O-O-O 14. a5 g6 15. fxg6 fxg6 16. Na4 Ne6 17. Be3 Kb8 18. b4 h5 19. Rb1 Ng4 20. Bg1 a6 21. Nc5 Nc7 22. Qe2 Rhf8 23. h3 Qh4 24. Kg2 Nh6 25. Rxf8 Bxf8 26. Rf1 Be7 27. Bh2 Qg5+ 28. Kh1 Bd6 29. c3 Qe7 30. Nb3 g5 31. Nd2 g4 32. hxg4 Nxg4 33. Bg3 Rh8 34. Nf3 h4 35. Bh2 Ne6 36. d4 Nf4 37. Bxf4 exf4 38. e5 Bc7 39. Qe4 Ne3 0-1


[Site "https://www.chess.com"]

[Event "Titled Tuesday Blitz July 11 Late 2023"]
[White "dodoucb"]
[Black "Aggelis, Nikolaos"]
[BlackFideId "4213220"]
[WhiteElo "2385"]
[BlackElo "2524"]
[Result "0-1"]
[Round "10"]
[TimeControl "180+2"]
[Date "2023.07.11"]
[WhiteClock "0:00:06"]
[BlackClock "0:00:57"]
[Board "75"]

1. e4 c6 2. d4 d5 3. e5 c5 4. Nf3 Nc6 5. c3 Bg4 6. dxc5 e6 7. Be2 Bxc5 8. Bf4 Nge7 9. Qb3 O-O 10. Nbd2 Ng6 11. Bg3 Qc7 12. O-O Ngxe5 13. Nxe5 Bxe2 14. Rfe1 Nxe5 15. Rxe2 Bd6 16. Rae1 Nd3 17. Bxd6 Qxd6 18. Rd1 Nf4 19. Re3 Rab8 20. Qa4 Ng6 21. h4 b5 22. Qg4 Qf4 23. Qxf4 Nxf4 24. g3 Ng6 25. Nb3 Rfc8 26. f4 Ne7 27. g4 g6 28. Nd4 b4 29. f5 bxc3 30. bxc3 gxf5 31. gxf5 Nxf5 32. Nxf5 exf5 33. Rxd5 Rb2 34. Ra5 Rd8 35. Rxf5 Rd1+ 36. Rf1 Rxf1+ 37. Kxf1 Rxa2 38. Rg3+ Kf8 39. Re3 Kg7 40. Re4 f5 41. Re7+ Kg6 42. h5+ Kh6 43. Re6+ Kxh5 44. Rf6 Kg5 45. Rf7 h5 46. Rg7+ Kf4 47. Rd7 a5 48. Rd4+ Kg5 49. Rd7 h4 50. Rg7+ Kf4 51. Rd7 Kg4 52. Rd4+ f4 53. Rd7 Kg3 54. Rg7+ Kf3 55. Ke1 h3 56. Rh7 Kg2 57. Rg7+ Kf3 58. Rh7 h2 59. Rh3+ Kg4 60. Rh8 h1=Q+ 61. Rxh1 Ra1+ 0-1


[Site "https://www.chess.com"]

[Event "Titled Tuesday Blitz July 11 Late 2023"]
[White "D`Arruda, Ricardo D."]
[Black "Stachanczyk, Jacek"]
[WhiteFideId "100692"]
[BlackFideId "1116657"]
[WhiteElo "2510"]
[BlackElo "2380"]
[Result "1-0"]
[Round "10"]
[TimeControl "180+2"]
[Date "2023.07.11"]
[WhiteClock "0:01:14"]
[BlackClock "0:01:33"]
[Board "76"]

1. d4 Nf6 2. Nf3 d5 3. g3 c6 4. Bg2 Bf5 5. O-O h6 6. c4 e6 7. cxd5 cxd5 8. Nc3 Nc6 9. Bf4 Bd6 10. Bxd6 Qxd6 11. a3 O-O 12. e3 Rac8 13. Rc1 Rc7 14. Nb5 Qd7 15. Nxc7 Qxc7 16. b4 Qb6 17. Ne5 Nxe5 18. dxe5 Nd7 19. Qd4 Qa6 20. Rc3 Nb6 21. Rfc1 Nc4 22. e4 Bg6 23. exd5 exd5 24. Bxd5 Nb6 25. Bf3 Qa4 26. Bxb7 1-0


[Site "https://www.chess.com"]

[Event "Titled Tuesday Blitz July 11 Late 2023"]
[White "Dragomirescu, Robin-Alexandru"]
[Black "Gerbelli Neto, Eduardo"]
[WhiteFideId "1213849"]
[BlackFideId "2103281"]
[WhiteElo "2492"]
[BlackElo "2346"]
[Result "0-1"]
[Round "10"]
[TimeControl "180+2"]
[Date "2023.07.11"]
[WhiteClock "0:02:22"]
[BlackClock "0:02:26"]
[Board "77"]

1. b3 Nf6 2. Bb2 e6 3. c4 c5 4. Nf3 Nc6 5. e3 Be7 6. d4 d5 7. cxd5 Nxd5 8. e4 Nf6 9. e5 Nd5 10. Nbd2 cxd4 11. Nxd4 Nxe5 12. Bb5+ 0-1


[Site "https://www.chess.com"]

[Event "Titled Tuesday Blitz July 11 Late 2023"]
[White "Bogaudinov, Rushan"]
[Black "Peycheva, Gergana"]
[WhiteFideId "4129288"]
[BlackFideId "2916711"]
[WhiteElo "2379"]
[BlackElo "2490"]
[Result "1-0"]
[Round "10"]
[TimeControl "180+2"]
[Date "2023.07.11"]
[WhiteClock "0:00:05"]
[BlackClock "0:00:00"]
[Board "78"]

1. e4 c5 2. Nf3 Nc6 3. Bb5 g6 4. O-O Bg7 5. c3 Nf6 6. Re1 O-O 7. d4 d5 8. e5 Ne4 9. Bd3 cxd4 10. cxd4 Qb6 11. Nc3 Nxc3 12. bxc3 Na5 13. Ba3 Qc7 14. Qc2 Bg4 15. Nd2 Rac8 16. Rac1 b6 17. h3 Be6 18. f4 Bh6 19. Rf1 Qd7 20. Kh2 f5 21. g3 Rc7 22. Bb2 Rfc8 23. a4 Bf8 24. Ba6 Rb8 25. Bb5 Qc8 26. Qd3 Bd7 27. c4 dxc4 28. Bxc4+ Nxc4 29. Rxc4 Rxc4 30. Nxc4 Bxa4 31. Rc1 Bb5 32. Qb3 Bxc4 33. Rxc4 Qe6 34. Qd3 b5 35. Rc7 Qa2 36. Rc2 b4 37. d5 b3 38. Rd2 Rd8 39. g4 fxg4 40. hxg4 Qa4 41. Kg3 Qb4 42. f5 g5 43. Qe3 h6 44. Qd4 Qxd4 45. Rxd4 a5 46. Kf3 Rc8 47. Rd2 Rc4 48. d6 exd6 49. exd6 Rc8 50. d7 Rd8 51. Bf6 b2 52. Bxb2 Kf7 53. Bc3 Bb4 54. Bxb4 axb4 55. Ke4 Ke7 56. Rb2 Rxd7 57. Rxb4 Rd1 58. Rb7+ Kf8 59. f6 Rg1 60. Kf5 Rf1+ 61. Kg6 Ke8 62. Rb8+ Kd7 63. f7 h5 64. f8=Q 1-0


[Site "https://www.chess.com"]

[Event "Titled Tuesday Blitz July 11 Late 2023"]
[White "Kostiukov, Alexandr"]
[Black "Reprintsev, Alexander"]
[WhiteFideId "14108100"]
[BlackFideId "14100541"]
[WhiteElo "2333"]
[BlackElo "2467"]
[Result "1-0"]
[Round "10"]
[TimeControl "180+2"]
[Date "2023.07.11"]
[WhiteClock "0:00:28"]
[BlackClock "0:00:15"]
[Board "79"]

1. g3 d5 2. Bg2 Nc6 3. d4 Bf5 4. Nf3 Nb4 5. Na3 e6 6. c3 Nc6 7. O-O h6 8. h3 Nf6 9. Ne5 Nxe5 10. dxe5 Nd7 11. f4 Bc5+ 12. Kh2 f6 13. c4 c6 14. cxd5 cxd5 15. Nb5 O-O 16. Nd4 Bxd4 17. Qxd4 Qb6 18. Be3 fxe5 19. fxe5 Qxd4 20. Bxd4 b6 21. Rac1 Rac8 22. Rxc8 Rxc8 23. Bxd5 exd5 24. Rxf5 Rc2 25. e6 Rxe2+ 26. Kg1 Rxe6 27. Rxd5 Nf6 28. Bxf6 Rxf6 29. Rd8+ Kh7 30. Rd7 a5 31. Kg2 Rc6 32. Rd2 Kg6 33. Kf3 Kf5 34. Rd5+ Ke6 35. Rb5 Kd6 36. a4 Kc7 37. b3 g6 38. h4 Rf6+ 39. Kg4 Kc6 40. h5 g5 41. Rf5 Rd6 42. Rf7 Rd4+ 43. Kf5 Rb4 44. Rf6+ Kc5 45. Rxh6 Rxb3 46. g4 Rb4 47. Kxg5 Rxa4 48. Rh8 Ra1 49. h6 a4 50. h7 Rh1 51. Rc8+ Kb4 52. h8=Q Rxh8 53. Rxh8 a3 54. Ra8 b5 55. Kf4 Kb3 56. g5 b4 57. g6 Ka2 58. g7 b3 59. g8=Q 1-0


[Site "https://www.chess.com"]

[Event "Titled Tuesday Blitz July 11 Late 2023"]
[White "Antonio, Jorge Carlos"]
[Black "Nunez V, Gustavo Eduardo"]
[WhiteFideId "113190"]
[BlackFideId "4403690"]
[WhiteElo "2312"]
[BlackElo "2445"]
[Result "0-1"]
[Round "10"]
[TimeControl "180+2"]
[Date "2023.07.11"]
[WhiteClock "0:01:20"]
[BlackClock "0:00:16"]
[Board "80"]

1. d4 Nf6 2. Nf3 g6 3. c4 Bg7 4. Nc3 d6 5. e4 O-O 6. Be2 e5 7. O-O Re8 8. d5 Nbd7 9. b4 a5 10. Qb3 axb4 11. Qxb4 Nc5 12. Nd2 h6 13. a4 b6 14. f3 Nh5 15. a5 bxa5 16. Rxa5 Rxa5 17. Qxa5 Nf4 18. Re1 Qg5 19. Bf1 Nh3+ 20. Kh1 Nf2+ 21. Kg1 Nfd3 22. Bxd3 Nxd3 23. Rd1 Nxc1 24. Qxc7 Nd3 25. Qxd6 Qe3+ 26. Kh1 Nf2+ 27. Kg1 Nh3+ 28. Kh1 Qg1+ 29. Rxg1 Nf2# 0-1


[Site "https://www.chess.com"]

[Event "Titled Tuesday Blitz July 11 Late 2023"]
[White "Bueno, Alfeu Junior Varela"]
[Black "The_Straightforward_Rook"]
[WhiteFideId "2108879"]
[WhiteElo "2442"]
[BlackElo "2327"]
[Result "1-0"]
[Round "10"]
[TimeControl "180+2"]
[Date "2023.07.11"]
[WhiteClock "0:00:37"]
[BlackClock "0:01:24"]
[Board "81"]

1. e4 e5 2. Nc3 Nf6 3. f4 d5 4. fxe5 Nxe4 5. Qf3 f5 6. d3 Nxc3 7. bxc3 d4 8. Qg3 Be6 9. Be2 Nc6 10. Rb1 dxc3 11. Be3 b6 12. Bf3 Qd7 13. Ne2 Bxa2 14. Ra1 Bd5 15. O-O Bb4 16. e6 Qxe6 17. Bxd5 Qxd5 18. Qxc7 O-O 19. Nf4 Qe5 20. Qxc6 Qxe3+ 21. Kh1 a5 22. Qd5+ Kh8 23. Rf3 Qc5 24. Ng6+ hxg6 25. Rh3# 1-0


[Site "https://www.chess.com"]

[Event "Titled Tuesday Blitz July 11 Late 2023"]
[White "Kiselev, Pavel"]
[Black "Rubio Tent, Francisco"]
[WhiteFideId "4191102"]
[BlackFideId "2238233"]
[WhiteElo "2296"]
[BlackElo "2441"]
[Result "0-1"]
[Round "10"]
[TimeControl "180+2"]
[Date "2023.07.11"]
[WhiteClock "0:00:00"]
[BlackClock "0:00:03"]
[Board "82"]

1. Nf3 Nf6 2. c4 c6 3. d4 d5 4. e3 Bg4 5. Nc3 e6 6. Be2 Nbd7 7. O-O Bd6 8. b3 O-O 9. Bb2 Re8 10. Nd2 Bxe2 11. Qxe2 Bf8 12. e4 dxe4 13. Ndxe4 Nxe4 14. Nxe4 g6 15. Rad1 Bg7 16. Nd6 Re7 17. Nxb7 Qb6 18. Nd6 Rd8 19. Ne4 Nb8 20. Ba3 Red7 21. Bc5 Qa5 22. a3 Na6 23. Qf3 Nxc5 24. dxc5 Qxa3 25. Nd6 Qxc5 26. Nb7 Qb6 27. Nxd8 Qxd8 28. Rxd7 Qxd7 29. Rd1 Bd4 30. g3 c5 31. Kg2 e5 32. Qd5 Qf5 33. Qf3 Qc2 34. Re1 Kg7 35. Re2 Qc1 36. Qd3 f5 37. Qd2 Qb1 38. Qc2 Qa1 39. Qa2 Qd1 40. Qc2 Qa1 41. Rd2 e4 42. Rd1 Qa5 43. Qd2 Qc7 44. Qf4 Qe7 45. Qd2 Qb7 46. Qe2 Qxb3 47. Re1 Qb7 48. f3 e3 49. Rd1 a5 50. Rb1 Qxb1 51. Qe1 Qxe1 0-1


[Site "https://www.chess.com"]

[Event "Titled Tuesday Blitz July 11 Late 2023"]
[White "Romero Ruscalleda, Josep"]
[Black "Marchesich, Giovanni"]
[WhiteFideId "2231859"]
[BlackFideId "2824790"]
[WhiteElo "2436"]
[BlackElo "2290"]
[Result "0-1"]
[Round "10"]
[TimeControl "180+2"]
[Date "2023.07.11"]
[WhiteClock "0:00:00"]
[BlackClock "0:00:57"]
[Board "83"]

1. e4 g6 2. d4 Bg7 3. Nc3 Nh6 4. g3 f6 5. Bg2 Nf7 6. Nge2 O-O 7. O-O e5 8. Be3 Nc6 9. d5 Ne7 10. Qd2 d6 11. f4 f5 12. fxe5 Nxe5 13. Bd4 Nc4 14. Qc1 Ne5 15. Qe1 fxe4 16. Bxe4 Nf5 17. Bxe5 Bxe5 18. Nf4 Qg5 19. Kh1 Qg4 20. Bf3 Qg5 21. Nd3 Bxg3 22. Ne4 Bxe1 23. Nxg5 Bh4 24. Ne6 Bxe6 25. dxe6 c6 26. Be4 Rae8 27. Bxf5 Rxf5 28. Rxf5 gxf5 29. Nf4 Kf8 30. Rg1 Bf6 31. Rf1 Ke7 32. Nh5 Bxb2 33. Ng7 Bxg7 34. Rxf5 Kxe6 35. Rg5 Be5 36. h4 Rf8 37. Kg2 Kd5 38. h5 Rf7 39. h6 Kc4 40. Kh3 Kc3 41. Kg4 Kxc2 42. Kh5 b5 0-1


[Site "https://www.chess.com"]

[Event "Titled Tuesday Blitz July 11 Late 2023"]
[White "Rios Escobar, Adan"]
[Black "rionelG"]
[WhiteFideId "3403645"]
[WhiteElo "2433"]
[BlackElo "2283"]
[Result "1-0"]
[Round "10"]
[TimeControl "180+2"]
[Date "2023.07.11"]
[WhiteClock "0:00:16"]
[BlackClock "0:00:00"]
[Board "84"]

1. b3 Nf6 2. Bb2 g6 3. g3 Bg7 4. Bg2 O-O 5. e3 d6 6. Ne2 e5 7. O-O Re8 8. c4 Nbd7 9. Nbc3 Nf8 10. a4 c6 11. a5 a6 12. Qc2 h5 13. h3 N8h7 14. f4 e4 15. b4 g5 16. f5 d5 17. cxd5 cxd5 18. Na4 Bd7 19. Nb6 Rb8 20. Nd4 Bf8 21. Qb3 Bd6 22. Ne2 Bb5 23. Kf2 Bxe2 24. Kxe2 Bxg3 25. Rac1 Qd6 26. Rc5 Rbd8 27. Bd4 Be5 28. Qb2 Bxd4 29. Qxd4 Qg3 30. Rf2 g4 31. h4 Qxh4 32. Nxd5 g3 33. Rf4 Qh2 34. Kf1 Nxd5 35. Rxd5 Rxd5 36. Qxd5 Rc8 37. Qxe4 Rc1+ 38. Ke2 Qg1 39. Bf1 Ng5 40. Qxb7 Qh2+ 41. Qg2 Qxg2+ 42. Bxg2 f6 43. Bb7 Rb1 44. Kd3 1-0


[Site "https://www.chess.com"]

[Event "Titled Tuesday Blitz July 11 Late 2023"]
[White "Quirke, Jeffrey"]
[Black "Rodriguez Fontecha, Marcos"]
[WhiteFideId "2013029"]
[BlackFideId "2256576"]
[WhiteElo "2264"]
[BlackElo "2417"]
[Result "0-1"]
[Round "10"]
[TimeControl "180+2"]
[Date "2023.07.11"]
[WhiteClock "0:00:00"]
[BlackClock "0:00:07"]
[Board "85"]

1. c4 e5 2. g3 Nc6 3. Bg2 g6 4. Nc3 Bg7 5. Nf3 d6 6. O-O Be6 7. b3 h6 8. Bb2 Qd7 9. d3 Bh3 10. e4 Bxg2 11. Kxg2 Nge7 12. Nd5 O-O 13. Nh4 Nxd5 14. cxd5 Ne7 15. f4 exf4 16. Bxg7 Kxg7 17. gxf4 f5 18. Qf3 Kh7 19. Kh1 fxe4 20. dxe4 g5 21. Ng2 Ng6 22. Qg3 Qe7 23. Rae1 Rae8 24. fxg5 Qxg5 25. Qxg5 hxg5 26. Kg1 Ne5 27. Re2 Kg6 28. Rxf8 Rxf8 29. Ne3 Rf4 30. Nf5 Nf3+ 31. Kg2 Nh4+ 32. Nxh4+ Rxh4 33. Kg3 Rf4 34. e5 dxe5 35. Rxe5 Rd4 36. Re7 Rxd5 37. Rxc7 Rb5 38. Kf3 Kf5 39. Rf7+ Ke5 40. Rg7 Kf5 41. Rf7+ Ke6 42. Rg7 a5 43. Rg6+ Kf5 44. Rg7 b6 45. h3 Rb4 46. Rb7 b5 47. Kg3 Ke4 48. Kg4 Kd3+ 49. Kxg5 Kc2 50. h4 Kb2 51. h5 Kxa2 52. h6 Rxb3 53. h7 Rg3+ 54. Kf4 Rh3 55. Rxb5 a4 56. Ra5 a3 57. Kg5 Rxh7 58. Kf4 Rb7 59. Ke4 Kb2 60. Kd3 a2 61. Kd2 a1=Q 62. Rxa1 Kxa1 0-1


[Site "https://www.chess.com"]

[Event "Titled Tuesday Blitz July 11 Late 2023"]
[White "BrandonJiang123456"]
[Black "Melikhov, Evgeny V."]
[BlackFideId "4122046"]
[WhiteElo "2248"]
[BlackElo "2409"]
[Result "1-0"]
[Round "10"]
[TimeControl "180+2"]
[Date "2023.07.11"]
[WhiteClock "0:00:10"]
[BlackClock "0:00:29"]
[Board "86"]

1. e4 c5 2. Nf3 d6 3. Bb5+ Nd7 4. d4 cxd4 5. Qxd4 a6 6. Bxd7+ Bxd7 7. Nc3 e5 8. Qd3 Be7 9. Nd2 Be6 10. Nf1 h6 11. Ne3 Nf6 12. O-O O-O 13. Rd1 Rc8 14. a4 Qc7 15. Bd2 Bc4 16. Nxc4 Qxc4 17. Be3 b5 18. axb5 axb5 19. Nxb5 Qxc2 20. Nxd6 Bxd6 21. Qxd6 Qxe4 22. Bxh6 Rfd8 23. Qxd8+ Rxd8 24. Rxd8+ Kh7 25. Be3 Ng4 26. Ba7 Qf4 27. g3 Qh6 28. h4 e4 29. Bd4 e3 30. fxe3 Nxe3 31. Raa8 Qe6 32. Re8 Qd5 33. Bxe3 Qf3 34. h5 Qxg3+ 35. Kf1 Qh3+ 36. Ke1 Qh1+ 37. Kd2 Qd5+ 38. Kc3 Qc6+ 39. Kb3 Qd5+ 40. Ka3 Qd6+ 41. Ka2 Qd5+ 42. Kb1 Qd1+ 43. Bc1 Qd3+ 44. Ka1 g6 45. h6 Qd4 46. Rh8+ Qxh8 47. Rxh8+ Kxh8 48. b4 Kh7 49. b5 f6 50. b6 g5 51. b7 Kxh6 52. b8=Q Kg6 53. Qh8 Kf5 54. Qh7+ Ke6 55. Kb2 Ke5 56. Kc3 f5 57. Kd3 f4 58. Bb2+ Ke6 59. Qh5 Kf5 60. Qf7+ Kg4 61. Ke4 Kg3 62. Qf5 f3 63. Qxf3+ Kh2 64. Qg4 Kh1 65. Bd4 Kh2 66. Kf3 Kh1 67. Qg2# 1-0


[Site "https://www.chess.com"]

[Event "Titled Tuesday Blitz July 11 Late 2023"]
[White "Schachpanda_Youtube"]
[Black "Mikhalsky, Vladimir"]
[BlackFideId "14144352"]
[WhiteElo "2246"]
[BlackElo "2402"]
[Result "0-1"]
[Round "10"]
[TimeControl "180+2"]
[Date "2023.07.11"]
[WhiteClock "0:00:12"]
[BlackClock "0:00:09"]
[Board "87"]

1. e4 g6 2. d4 Bg7 3. Nc3 d6 4. Be3 a6 5. Qd2 b5 6. O-O-O Nd7 7. d5 Ngf6 8. f3 h5 9. Be2 Nb6 10. Nh3 Bxh3 11. gxh3 Nfd7 12. Bd4 Ne5 13. b3 b4 14. f4 bxc3 15. Qxc3 Bh6 16. Rdf1 O-O 17. Kb1 Ned7 18. f5 Ne5 19. Bxe5 dxe5 20. Rhg1 Bf4 21. Bxh5 Nd7 22. Bxg6 fxg6 23. Rxg6+ Kf7 24. Qc6 Nf6 25. Rfg1 Rh8 26. Rg7+ Kf8 27. Qe6 Qe8 28. R1g6 Bh6 29. Rxf6+ Kxg7 30. Rg6+ Kf8 31. Rf6+ exf6 32. Qxf6+ Kg8 0-1


[Site "https://www.chess.com"]

[Event "Titled Tuesday Blitz July 11 Late 2023"]
[White "Cardenas Carbajal, Nilson"]
[Black "Krzywda, Andrzej"]
[WhiteFideId "8401128"]
[BlackFideId "1114565"]
[WhiteElo "2194"]
[BlackElo "2400"]
[Result "0-1"]
[Round "10"]
[TimeControl "180+2"]
[Date "2023.07.11"]
[WhiteClock "0:00:00"]
[BlackClock "0:00:18"]
[Board "88"]

1. e4 e5 2. Nf3 Nf6 3. Nxe5 d6 4. Nf3 Nxe4 5. Nc3 Nxc3 6. dxc3 Be7 7. Be3 Nd7 8. Qd2 Ne5 9. Be2 Ng4 10. Bd4 O-O 11. h3 Nf6 12. O-O-O c5 13. Be3 Be6 14. c4 b5 15. cxb5 Ne4 16. Qd3 d5 17. c4 Bf6 18. cxd5 Bf5 19. Qc4 Nd6 20. Qf4 Qa5 21. Bxc5 Qxa2 22. Bd4 Rfe8 23. Bd3 Bxd3 24. Rxd3 Bxd4 25. Nxd4 Qa1+ 26. Kc2 Rac8+ 27. Nc6 Qxh1 28. Qxd6 Qxg2 29. Kb3 Qxf2 30. Ne7+ Rxe7 31. Qxe7 Qc2+ 32. Ka2 Qxd3 33. d6 Qd5+ 34. Ka3 Qc5+ 35. Ka2 Rf8 36. b4 Qxb4 37. Qc7 Qxb5 38. d7 Qa4+ 39. Kb2 Qd4+ 40. Ka2 Qb6 41. Qc8 Qe6+ 0-1


[Site "https://www.chess.com"]

[Event "Titled Tuesday Blitz July 11 Late 2023"]
[White "Bilan, Danila"]
[Black "Thiel, Thomas"]
[WhiteFideId "24161918"]
[BlackFideId "4615964"]
[WhiteElo "2497"]
[BlackElo "2233"]
[Result "1-0"]
[Round "10"]
[TimeControl "180+2"]
[Date "2023.07.11"]
[WhiteClock "0:00:19"]
[BlackClock "0:00:05"]
[Board "89"]

1. d4 d5 2. Nf3 Nf6 3. c4 dxc4 4. e3 Bg4 5. Bxc4 e6 6. Nc3 Nc6 7. Qb3 Na5 8. Qa4+ c6 9. Ne5 Bf5 10. Be2 Ne4 11. Nxe4 Bxe4 12. b4 Qh4 13. Qxa5 Bxg2 14. Qc7 Bxb4+ 15. Bd2 Bxd2+ 16. Kxd2 O-O 17. Rhg1 Qxh2 18. Rab1 b6 19. Rxg2 Qxg2 20. Qxc6 Qxc6 21. Nxc6 Rfe8 22. Ba6 1-0


[Site "https://www.chess.com"]

[Event "Titled Tuesday Blitz July 11 Late 2023"]
[White "EsmeraldasAnderson03"]
[Black "Papayan, Oleg"]
[BlackFideId "4193911"]
[WhiteElo "2364"]
[BlackElo "2478"]
[Result "1/2-1/2"]
[Round "10"]
[TimeControl "180+2"]
[Date "2023.07.11"]
[WhiteClock "0:00:54"]
[BlackClock "0:00:04"]
[Board "90"]

1. d4 d5 2. c4 c6 3. Nc3 Nf6 4. cxd5 cxd5 5. Bf4 a6 6. e3 Nc6 7. Nf3 Qb6 8. Qd2 Bf5 9. Na4 Qb4 10. Qxb4 Nxb4 11. Kd2 Ne4+ 12. Ke2 Rc8 13. Ne1 Nc2 14. f3 Nxa1 15. fxe4 Bxe4 16. Kd2 Nc2 17. a3 Nxe1 18. Kxe1 Rc1+ 19. Kd2 Rb1 20. Nc5 Rxb2+ 21. Kc3 Rb1 22. a4 e5 23. Nxe4 dxe4 24. Bxe5 Kd8 25. g4 f6 26. Bg3 Bb4+ 27. Kc4 Kd7 28. Bg2 Rc8+ 29. Kd5 Rxh1 30. Bxh1 Rc3 31. Kxe4 Ra3 32. Kf4 b6 33. Be4 g6 34. h4 Rxa4 35. h5 gxh5 36. gxh5 Bd6+ 37. Kg4 Bxg3 38. Kxg3 Ra3 39. Kf3 h6 40. Bf5+ Kd6 41. Ke4 b5 42. Bh7 b4 43. Kf5 Rxe3 44. Kxf6 Re6+ 45. Kg7 b3 46. Bg6 b2 47. Kxh6 b1=Q 48. d5 Kxd5 49. Kg7 Qb7+ 50. Kh6 Qe7 1/2-1/2


[Site "https://www.chess.com"]

[Event "Titled Tuesday Blitz July 11 Late 2023"]
[White "kiwibobo"]
[Black "Guzman Moneo, Alberto"]
[BlackFideId "2209616"]
[WhiteElo "2337"]
[BlackElo "2393"]
[Result "0-1"]
[Round "10"]
[TimeControl "180+2"]
[Date "2023.07.11"]
[WhiteClock "0:00:26"]
[BlackClock "0:00:20"]
[Board "91"]

1. e4 e6 2. d4 d5 3. Nd2 dxe4 4. Nxe4 Nd7 5. Nf3 Ngf6 6. Nxf6+ Nxf6 7. Bd3 c5 8. Be3 cxd4 9. Bxd4 Be7 10. O-O O-O 11. c3 Bd7 12. Bc2 Bc6 13. Ne5 Bd5 14. Re1 b6 15. Qd3 g6 16. Qh3 Bc5 17. Bxc5 bxc5 18. Rad1 Qe7 19. c4 Bb7 20. Qh4 Rad8 21. Ng4 Kg7 22. Qh6+ Kg8 23. Qh4 Kg7 24. Qh6+ Kg8 25. Qg5 Kg7 26. Nh6 Rxd1 27. Bxd1 Rd8 28. Bc2 Kf8 29. h3 Ng8 30. Qf4 Kg7 31. Ng4 h5 32. Ne5 Qf6 33. Qg3 Ne7 34. Re3 Nf5 35. Bxf5 exf5 36. h4 f4 37. Qh3 Rd1+ 38. Kh2 fxe3 39. Qxe3 Qxh4+ 40. Qh3 Qxh3+ 41. Kxh3 Rd2 42. Nf3 Rxf2 43. Ne5 Rxg2 44. Nd7 Rxb2 45. Nxc5 Be4 46. Nxe4 Rxa2 47. Nc3 Rc2 48. Nb5 Rxc4 49. Nxa7 Rb4 50. Nc6 Rb2 51. Ne5 Rb3+ 52. Kh4 Re3 53. Nxg6 Re6 54. Nf4 Rh6 55. Nxh5+ Rxh5+ 56. Kxh5 Kf6 57. Kg4 Ke5 58. Kg3 Kf5 59. Kf3 Kg5 60. Kg3 Kf5 61. Kf3 f6 62. Kg3 Ke4 63. Kf2 Kf4 64. Kf1 Kf3 65. Kg1 Ke2 66. Kg2 f5 67. Kg3 Ke3 68. Kg2 f4 69. Kf1 Kf3 70. Ke1 Kg2 0-1


[Site "https://www.chess.com"]

[Event "Titled Tuesday Blitz July 11 Late 2023"]
[White "Carrasco Miranda, Andres"]
[Black "AndresDelgado77"]
[WhiteFideId "3405990"]
[WhiteElo "2380"]
[BlackElo "2319"]
[Result "1-0"]
[Round "10"]
[TimeControl "180+2"]
[Date "2023.07.11"]
[WhiteClock "0:00:02"]
[BlackClock "0:00:00"]
[Board "92"]

1. d4 Nf6 2. c4 c6 3. Nf3 d5 4. Qb3 Qb6 5. Nc3 e6 6. c5 Qc7 7. Bg5 Ne4 8. Nxe4 dxe4 9. Nd2 e5 10. e3 exd4 11. exd4 Bf5 12. Bc4 b5 13. cxb6 axb6 14. Rc1 Bd6 15. h3 O-O 16. O-O Nd7 17. Rfe1 Bh2+ 18. Kh1 Bf4 19. Bxf4 Qxf4 20. Qe3 Qxe3 21. fxe3 h5 22. Rf1 g6 23. a3 Nf6 24. Kh2 Rac8 25. Ba6 Rc7 26. Be2 Kg7 27. Nc4 Be6 28. Ne5 Bd5 29. Rf4 Ne8 30. g4 hxg4 31. hxg4 Nd6 32. Kg3 b5 33. Rcf1 f6 34. g5 Nf5+ 35. Rxf5 gxf5 36. gxf6+ Rxf6 37. Kf4 Kf8 38. Rg1 Rg7 39. Rh1 Kg8 40. Bh5 Kf8 41. b4 Ke7 42. Be2 Kd6 43. Rh8 1-0


[Site "https://www.chess.com"]

[Event "Titled Tuesday Blitz July 11 Late 2023"]
[White "Harish, Neeraj"]
[Black "Balla, Tamas-Kristof"]
[WhiteFideId "30958130"]
[BlackFideId "1208497"]
[WhiteElo "2301"]
[BlackElo "2377"]
[Result "0-1"]
[Round "10"]
[TimeControl "180+2"]
[Date "2023.07.11"]
[WhiteClock "0:00:00"]
[BlackClock "0:00:14"]
[Board "93"]

1. e4 d5 2. exd5 Qxd5 3. Nc3 Qa5 4. d4 Nf6 5. Nf3 Bg4 6. h3 Bxf3 7. Qxf3 c6 8. Bd2 Qb6 9. O-O-O e6 10. Bf4 Bb4 11. Ne4 Nxe4 12. Qxe4 Nd7 13. c4 Nf6 14. Qf3 Be7 15. c5 Qa5 16. Kb1 O-O 17. Bd3 b6 18. Qxc6 bxc5 19. dxc5 Bxc5 20. Qb5 Qxb5 21. Bxb5 Bxf2 22. Rhf1 Bb6 23. Bd6 Rfd8 24. Bc6 Rac8 25. Bb7 Rc4 26. b3 Rd4 27. Rxd4 Bxd4 28. Bf4 Bb6 29. Bg5 Rd7 30. Bc6 Rd6 31. Bxf6 Rxc6 32. Bb2 Rd6 33. Kc2 f6 34. b4 e5 35. a4 Kf7 36. a5 Bd4 37. Bxd4 Rxd4 38. Kc3 Ke6 39. b5 Kd6 40. Rb1 Kc5 41. b6 axb6 42. axb6 Rd8 43. b7 Rb8 44. Kd3 Kc6 45. Ke4 Rxb7 46. Rd1 Rd7 47. Rc1+ Kd6 48. Rc8 Ke6 49. Rh8 h6 50. Ra8 Kf7 51. Kf5 Rc7 52. Kg4 Kg6 53. Ra3 Rc4+ 54. Kf3 h5 55. Rd3 Kf5 56. Rb3 g5 57. Kf2 e4 0-1


[Site "https://www.chess.com"]

[Event "Titled Tuesday Blitz July 11 Late 2023"]
[White "Navyblue1"]
[Black "K2JW"]
[WhiteElo "1880"]
[BlackElo "2370"]
[Result "0-1"]
[Round "10"]
[TimeControl "180+2"]
[Date "2023.07.11"]
[WhiteClock "0:00:37"]
[BlackClock "0:01:35"]
[Board "94"]

1. d4 c6 2. c4 d5 3. Nc3 Nf6 4. cxd5 cxd5 5. Bf4 Nc6 6. e3 a6 7. Bd3 Bg4 8. Qd2 e6 9. Rc1 Rc8 10. h3 Bh5 11. Nge2 Bd6 12. O-O O-O 13. Bxd6 Qxd6 14. Nf4 Bg6 15. Nxg6 hxg6 16. Na4 e5 17. dxe5 Nxe5 18. Nc3 d4 19. Be2 d3 20. Rfd1 Rfd8 21. b3 dxe2 22. Qxd6 exd1=Q+ 23. Nxd1 Rxd6 24. Rxc8+ Kh7 25. Nc3 Rc6 0-1


[Site "https://www.chess.com"]